Map: Подводный мир РВ

Players

ИИ 1 (эксперт)

  • Race: Zerg Zerg
  • Spawn Location: 5:00

ИИ 2 (ученик) - Winner!

  • Race: Terran Terran
  • Spawn Location: 11:00

VOD

Have the link to the VOD?

Description

Time

  • Played on: July 21, 2020, 7:09 a.m.
  • Length: 9:56
Show
View Real Time Build Order
Export as new Build Order

ИИ 1 (эксперт) Zerg 

Build Orders: Pool First 

Get SALT Encoding   

  12  0:01  Drone  
  13  0:12  Overlord  
  13  0:16  Drone  
  14  0:30  Drone x2  
  16  0:43  Spawning Pool  
  16  0:44  Drone  
  16  0:48  Drone  
  17  1:11  Hatchery  
  16  1:12  Drone  
  16  1:15  Extractor  
  16  1:17  Extractor  
  15  1:19  Drone  
  15  1:23  Drone  
  17  1:28  Drone  
  18  1:38  Drone  
  19  1:49  Overlord  
  19  1:52  Queen  
  21  2:00  Zergling x2  
  22  2:10  Drone  
  23  2:22  Drone  
  24  2:23  Queen  
  24  2:28  Drone  
  27  2:34  Drone  
  28  2:38  Drone  
  29  2:51  Roach Warren  
  28  2:53  Drone  
  28  2:57  Drone  
  30  3:01  Zergling x2  
  30  3:04  Zergling x2  
  32  3:10  Overlord  
  32  3:14  Drone  
  32  3:16  Drone  
  34  3:21  Overlord  
  34  3:34  Roach x3  
  38  3:38  Roach  
  42  3:43  Overlord  
  42  3:47  Roach  
  44  3:51  Roach  
  48  3:55  Roach  
  48  4:01  Roach  
  50  4:04  Drone x2  
  50  4:05  Drone  
  50  4:08  Drone  
  54  4:12  Overlord  
  54  4:15  Drone  
  55  4:18  Drone  
  55  4:20  Drone  
  55  4:24  Drone  
  58  4:27  Overlord  
  58  4:33  Roach  
  58  4:34  Roach  
  58  4:37  Roach  
  64  4:40  Roach  
  66  4:46  Lair  
  66  4:56  Overlord  
  66  4:58  Drone  
  67  5:00  Drone  
  67  5:02  Drone  
  67  5:03  Drone  
  67  5:05  Drone  
  71  5:07  Drone  
  71  5:09  Drone  
  71  5:11  Drone  
  74  5:14  Drone  
  74  5:16  Overlord  
  74  5:18  Drone  
  74  5:20  Drone  
  77  5:22  Drone  
  77  5:23  Drone  
  79  5:31  Evolution Chamber  
  78  5:38  Overlord  
  78  5:48  Drone, Hydralisk Den  
  78  5:51  Baneling Nest  
  78  5:52  Drone  
  78  5:53  Infestation Pit, Drone  
  78  5:54  Evolution Chamber  
  78  5:55  Drone  
  78  5:59  Zerg Ground Armor Level 1, Hatchery  
  77  6:06  Drone  
  77  6:10  Spire  
  77  6:17  Drone  
  78  6:18  Hydralisk  
  78  6:19  Hydralisk  
  78  6:20  Zerg Missile Weapons Level 1  
  82  6:25  Hydralisk  
  82  6:29  Infestor  
  82  6:31  Extractor  
  82  6:32  Drone  
  86  6:33  Drone, Extractor  
  86  6:34  Baneling, Zergling x2, Overlord  
  86  6:36  Zergling x2  
  86  6:38  Zergling x4  
  89  6:40  Zergling x2  
  89  6:42  Zergling x2  
  89  6:45  Zergling x2  
  89  6:46  Zergling x2  
  93  6:56  Drone, Overlord  
  93  6:57  Baneling  
  93  7:00  Baneling  
  94  7:02  Baneling  
  94  7:05  Baneling  
  94  7:07  Drone x2, Baneling  
  96  7:08  Infestor  
  96  7:09  Drone, Zergling x4  
  96  7:10  Zergling x2  
  96  7:11  Drone  
  96  7:12  Drone  
  96  7:14  Overseer, Baneling  
  104  7:17  Baneling  
  104  7:18  Drone  
  104  7:19  Drone, Baneling  
  104  7:21  Overlord  
  106  7:25  Baneling  
  106  7:29  Drone, Baneling  
  103  7:30  Drone  
  103  7:32  Drone  
  103  7:33  Baneling  
  79  7:37  Zergling x2, Extractor  
  79  7:38  Drone x2, Baneling, Roach x3  
  79  7:41  Zergling x2  
  79  7:42  Roach x2  
  80  7:51  Hydralisk  
  80  7:52  Hydralisk  
  85  8:02  Drone  
  85  8:03  Drone  
  78  8:06  Drone, Roach  
  78  8:07  Drone  
  78  8:08  Drone  
  78  8:10  Drone  
  78  8:12  Drone  
  84  8:14  Drone  
  84  8:16  Hydralisk  
  84  8:25  Roach  
  73  8:28  Roach  
  72  8:34  Baneling  
  72  8:35  Zergling x2, Drone x3, Baneling x2, Infestor, Roach  
  72  8:36  Zergling x2  
  72  8:39  Roach  
  72  8:46  Hydralisk  
  55  8:56  Queen, Zergling x2  
Show
View Real Time Build Order
Export as new Build Order

ИИ 2 (ученик) Terran - Winner!

Build Orders:  

Get SALT Encoding   

  12  0:00  SCV  
  13  0:13  SCV  
  14  0:18  Supply Depot  
  14  0:25  SCV  
  15  0:40  SCV  
  15  0:42  Barracks  
  16  0:52  SCV  
  17  1:04  SCV  
  18  1:16  Command Center  
  18  1:20  SCV  
  19  1:29  Marine  
  19  1:30  Refinery  
  20  1:40  Orbital Command  
  20  1:47  Marine  
  20  1:52  Supply Depot  
  21  2:05  Marine  
  21  2:06  SCV  
  23  2:14  Barracks  
  23  2:18  SCV  
  24  2:23  Marine  
  24  2:28  Orbital Command  
  25  2:41  Engineering Bay  
  25  3:00  SCV, Barracks  
  25  3:03  SCV, Marine  
  28  3:12  SCV, Bunker  
  29  3:21  Missile Turret  
  29  3:23  Factory, Barracks Tech Lab  
  29  3:24  SCV, Missile Turret  
  29  3:26  Barracks Tech Lab  
  30  3:29  SCV  
  31  3:36  SCV  
  31  3:40  Refinery  
  32  3:41  SCV  
  32  3:46  Barracks Tech Lab  
  32  3:47  Marauder  
  35  3:49  SCV  
  35  3:53  SCV, Marauder  
  39  4:01  SCV  
  40  4:04  Supply Depot  
  40  4:05  SCV  
  40  4:08  Marauder  
  43  4:12  Supply Depot  
  43  4:13  SCV  
  43  4:14  Hellion  
  46  4:22  SCV, Supply Depot  
  46  4:26  SCV, Marauder  
  46  4:30  Marauder  
  51  4:34  SCV  
  51  4:36  Supply Depot  
  51  4:38  SCV  
  53  4:42  Hellion  
  55  4:46  SCV, Marauder  
  55  4:49  Refinery  
  55  4:50  SCV  
  59  4:53  Refinery  
  59  4:56  Marauder  
  59  4:58  SCV  
  62  5:02  SCV, Supply Depot  
  63  5:08  Marine  
  63  5:10  SCV, Factory Tech Lab, Factory  
  65  5:14  SCV  
  65  5:20  Supply Depot  
  66  5:22  SCV  
  66  5:26  SCV  
  66  5:28  Starport  
  68  5:35  SCV, Supply Depot  
  69  5:38  Siege Tank, SCV  
  69  5:42  Marine  
  74  5:45  Concussive Shells  
  74  5:46  Marine  
  74  5:47  SCV  
  76  5:50  Marine  
  76  5:51  SCV  
  76  5:55  Factory Tech Lab  
  78  5:59  SCV, Marine  
  78  6:01  Combat Shield  
  78  6:03  SCV  
  81  6:04  Marine  
  81  6:08  Marine  
  81  6:10  Siege Tank  
  81  6:11  SCV  
  87  6:15  SCV  
  87  6:18  Marauder, Supply Depot  
  90  6:19  Medivac  
  90  6:22  Marauder  
  90  6:23  SCV  
  97  6:25  Hellion  
  97  6:26  Terran Infantry Weapons Level 1  
  97  6:27  SCV, Marauder  
  100  6:35  SCV  
  100  6:39  SCV, Engineering Bay  
  102  6:42  Hellion  
  102  6:44  Marauder  
  102  6:46  Supply Depot  
  106  6:47  SCV  
  106  6:48  Marauder  
  106  6:52  SCV  
  110  7:02  Barracks  
  110  7:06  Barracks  
  110  7:07  SCV x2, Medivac  
  110  7:08  Starport  
  114  7:09  Armory  
  114  7:10  Supply Depot  
  114  7:14  Stimpack  
  114  7:18  Siege Tank  
  114  7:19  SCV  
  117  7:24  Command Center  
  116  7:31  Siege Tank  
  116  7:35  Marine  
  116  7:36  Supply Depot  
  112  7:37  Medivac  
  112  7:51  SCV x2, Widow Mine  
  116  8:01  Supply Depot  
  116  8:03  SCV x2  
  116  8:04  Cyclone  
  121  8:10  Factory  
  121  8:11  Thor  
  125  8:14  Marine  
  125  8:15  SCV  
  125  8:16  SCV  
  125  8:18  Marine  
  125  8:19  Barracks Tech Lab  
  129  8:20  Marine  
  129  8:25  Starport Tech Lab, Supply Depot  
  129  8:26  Marine  
  122  8:27  SCV  
  122  8:28  SCV  
  122  8:32  Marine  
  125  8:36  Hellion, Marine  
  125  8:37  Marine  
  125  8:39  SCV  
  130  8:45  Refinery  
  125  8:50  Refinery, Orbital Command  
  125  8:54  Missile Turret  
  125  8:55  Factory Reactor, Hellion  
  127  8:56  SCV, Missile Turret  
  127  9:01  Starport Tech Lab  
  127  9:02  Marine  
  129  9:04  Marine  
  129  9:07  Marine  
  129  9:09  Marauder  
  130  9:17  Command Center, Siege Tank  
  130  9:21  Marauder  
  130  9:23  Marauder  
  137  9:26  Marine  
  137  9:29  Marine  
  138  9:35  Marine  
  141  9:55  Supply Depot  
Tags
 
Add a new tag
Caveats
  • Supply blocks, unpowered buildings, or Contaminate may cause inaccurate times.
  • Supply counts are checked every 10 seconds.